 Dungeon Crawl Stone Soup version 0.19-b1-4-gd8a0a2a (webtiles) character file.

84 Peloso the Skirmisher (level 4, -7/39 (40) HPs)
             Began as a Ghoul Fighter on Oct 31, 2016.
             Mangled by a gnoll
             ... wielding a +0 spear
              (10 damage)
             ... on level 2 of the Dungeon.
             The game lasted 00:03:46 (740 turns).

Peloso the Skirmisher (Ghoul Fighter)                Turns: 740, Time: 00:03:47

HP:   -7/39 (40)    AC:  7    Str: 24    XL:     4   Next: 45%
MP:   3/3           EV:  7    Int:  3    God:
Gold: 84            SH:  9    Dex:  9    Spells: 0 memorised, 3 levels left

rFire  . . .     SeeInvis .     a - +0 long sword
rCold  + . .     Gourm    .     b - +0 scale mail
rNeg   + + +     Faith    .     c - +0 shield
rPois  ∞         Spirit   .     l - +0 helmet
rElec  .         Reflect  .     (no cloak)
rCorr  .         Harm     .     (no gloves)
MR     .....                    (no boots)
Stlth  ..........               (no amulet)
                                (no ring)
                                (no ring)

@: mighty, rotting
A: rotting body, claws 1, carnivore 3, cold resistance 1, negative energy
resistance 3, slow regeneration 1, torment resistance, unbreathing
a: no special abilities


You were on level 2 of the Dungeon.
You were not hungry.

You visited 1 branch of the dungeon, and saw 2 of its levels.

You collected 84 gold pieces.

Inventory:

Hand Weapons
 a - a +0 long sword (weapon)
Armour
 b - a +0 scale mail (worn)
 c - a +0 shield (worn)
 l - a +0 helmet (worn)
Scrolls
 i - 4 scrolls of identify {unknown}
 j - a scroll of remove curse {unknown}
 m - 3 scrolls of immolation {unknown}
 n - a scroll of fear {unknown}
 o - a scroll of random uselessness {unknown}
Potions
 d - a potion of might
 e - a potion of degeneration {unknown}
 g - a potion of resistance {unknown}
 h - 3 potions of heal wounds {unknown}
 k - 3 potions of lignification {unknown}
Comestibles
 f - a meat ration
 p - 3 chunks of flesh


   Skills:
 + Level 4.0 Fighting
 + Level 2.8 Long Blades
 + Level 3.1 Armour
 + Level 0.3 Dodging
 + Level 0.2 Stealth
 + Level 3.1 Shields


You had 3 spell levels left.
You didn't know any spells.

Dungeon Overview and Level Annotations

Branches:
Dungeon (2/15)

Altars:


Innate Abilities, Weirdness & Mutations

Your body is rotting away.
You thrive on raw meat.
You are immune to poison.
You have sharp fingernails.
You are carnivorous and can eat meat at any time.
Your flesh is cold resistant. (rC+)
You are immune to negative energy. (rN+++)
You regenerate slowly when monsters are visible.
You are immune to unholy pain and torment.
You can survive without breathing.


Message History

You slash the gnoll!
You kill the gnoll!
The kobold barely misses you.
You hit the kobold.
The kobold is severely wounded.
The gnoll barely misses you. The kobold hits you with a short sword.
* * * LOW HITPOINT WARNING * * *
The gnoll barely misses you.
You hit the kobold.
You kill the kobold!
You feel your flesh rotting away. The gnoll hits you but does no damage.
The gnoll hits you with a spear.
* * * LOW HITPOINT WARNING * * *
Things that are here:
a short sword; a flail You slash the gnoll!
The gnoll is almost dead.
You block the gnoll's attack. The gnoll hits you with a spear!
You die...

...........####
†...).........# ##
#.......).....# .# # .
....†........## .. .#..
.#.........### .##....
..........<# .#.....
...........## .......
#...........######g...?..
##............(.@gw......
............######.......
##........#.# .......
##........#.# .......
..........#.# .......
#.......^...#### ##.....
##.............## .#...
#..........>..... .....
#.............###


You could see a worm and 2 gnolls.

Vanquished Creatures
  2 gnolls
  An adder (D:2)
  2 oozes (D:2)
  A worm (D:2)
  2 dart slugs (D:1)
  8 bats
  A giant cockroach (D:1)
  2 goblins (D:1)
  8 hobgoblins
  3 jackals (D:1)
  7 kobolds
  3 frilled lizards
40 creatures vanquished.

Notes
Turn   | Place    | Note
-------+----------+-------------------------------------------
     0 | D:1      | Peloso the Ghoul Fighter began the quest for the Orb.
     0 | D:1      | Reached XP level 1. HP: 19/19 MP: 0/0
    51 | D:1      | Reached XP level 2. HP: 19/26 MP: 1/1
   189 | D:1      | Reached XP level 3. HP: 25/31 MP: 2/2
   626 | D:2      | Reached skill level 4 in Fighting
   626 | D:2      | Reached XP level 4. HP: 34/40 MP: 3/3
   740 | D:2      | Mangled by a gnoll

Skill      XL: |  1  2  3 |
---------------+----------+-----
Long Blades    | 2 |  2.8
Armour         | 3 |  3.1
Shields        | 3 |  3.1
Fighting       | 4 |  4.0
Dodging        | |  0.3
Stealth        | |  0.2

Action                   |  1- 3 |  4- 6 || total
-------------------------+-------+-------++-------
Melee: Long sword        |    88 |    24 ||   112
  Use: Potion            |       |     1 ||     1
  Eat: Chunk             |     2 |       ||     2
Armor: Scale mail        |    65 |    21 ||    86
Dodge: Dodged            |    38 |    12 ||    50
Block: Shield            |    53 |    19 ||    72
       Rpst.: Long sword |    17 |     4 ||    21
